 Dungeon Crawl Stone Soup version 0.14-a0-1546-g4b4961f (webtiles) character file.

5359 PolkaDot the Conjurer (level 10, -2/71 HPs)
             Began as a Vampire Conjurer on Dec 18, 2013.
             Was an Elder of Vehumet.
             Killed by nerve-wracking pain
             ... invoked by an orc priest
              (8 damage)
             ... on Level 9 of the Dungeon.
             The game lasted 01:03:02 (10771 turns).

PolkaDot the Conjurer (Vampire Conjurer)           Turns: 10771, Time: 01:03:02

HP  -2/71        AC  9     Str 12      XL: 10   Next: 28%
MP   1/24        EV 12     Int 20      God: Vehumet [****..]
Gold 389         SH  0     Dex 14      Spells:  5 memorised,  9 levels left

rFire  . . .     SeeInvis +     u - +2 cutlass
rCold  . . .     Clarity  .     y - +2 robe {Archmagi}
rNeg   . . .     Conserve .     (no shield)
rPois  .         rCorr    .     (no helmet)
rElec  .         rRot     .     v - +1 dwarf cloak
SustAb . .       Spirit   .     m - +0 pair of gloves
rMut   .         Warding  .     (no boots)
Saprov . . .     Stasis   .     (no amulet)
                                (no ring)
                                o - +2 ring of protection

@: regenerating quickly, mighty, mildly poisoned, very slightly contaminated,
somewhat resistant to hostile enchantments, stealthy
A: bottle blood, fangs 3, see invisible, unbreathing
a: Bottle Blood, Renounce Religion


You were on level 9 of the Dungeon.
You worshipped Vehumet.
Vehumet was greatly pleased with you.
You were very full.

You visited 2 branches of the dungeon, and saw 10 of its levels.

You collected 389 gold pieces.

Inventory:

Hand weapons
 u - a +2,+2 cutlass (weapon)
Armour
 m - a +0 pair of gloves (worn)
 v - a +1 dwarven cloak (worn)
 y - a +2 robe of the Archmagi (worn)
Magical devices
 i - a wand of fireball (3)
Scrolls
 h - a scroll of remove curse {unknown}
 p - a scroll of noise {unknown}
 r - a scroll of curse weapon {unknown}
 w - a scroll of amnesia
 x - a scroll of curse jewellery {unknown}
Jewellery
 o - a +2 ring of protection (left hand)
Potions
 b - 4 potions of restore abilities
 e - a potion of cure mutation
 q - 2 potions of blood
Books
 c - a book of Conjurations

   Spells                             Type                      Level
   Magic Dart                         Conjuration                  1
   *Searing Ray                       Conjuration                  2
   Dazzling Spray                     Conjuration/Hexes            3
   *Iskenderun's Mystic Blast         Conjuration                  4
   Iskenderun's Battlesphere          Conjuration/Charms           4
   Fulminant Prism                    Conjuration/Hexes            5
 t - a book of Control

   Spells                             Type                      Level
   Control Teleport                   Charms/Translocation         4
   Control Undead                     Necromancy                   4
   Enslavement                        Hexes                        4
   Mass Confusion                     Hexes                        6
   Metabolic Englaciation             Hexes/Ice                    6


   Skills:
 - Level 4.0 Fighting
 - Level 2.1 Dodging
 - Level 3.0 Stealth
 + Level 6.3 Spellcasting
 - Level 8.2 Conjurations
 * Level 8.2 Air Magic


You had 9 spell levels left.
You knew the following spells:

 Your Spells              Type           Power        Failure   Level  Hunger
a - Airstrike             Air            ######....   1%          4    ####...
d - Iskenderun's Mystic   Conj           ######..     1%          4    ####...
s - Searing Ray           Conj           ######       1%          2    None
z - Shock                 Conj/Air       ####         1%          1    None
A - Freeze                Ice            #...         3%          1    None


Dungeon Overview and Level Annotations

Branches:
Dungeon (9/16)             Temple (1/1) D:6
    Orc: D:9-12        Lair: D:8-11

Altars:
Ashenzari
Cheibriados
Elyvilon
Fedhas
Kikubaaqudgha
Makhleb
Nemelex Xobeh
Okawaru
Sif Muna
Trog
Vehumet
Xom
Yredelemnul
Zin
the Shining One

Shops:
D:7 :

Annotations:
D:5 Menkaure, Sigmund


Innate Abilities, Weirdness & Mutations

Your natural rate of healing is unusually fast.
You can bottle blood from corpses.
You have razor-sharp teeth.*
You have supernaturally acute eyesight.
You can survive without breathing.*


Message History

Drink which item? (? for menu, Esc to quit)
Okay, then.
Drink which item? (? for menu, Esc to quit)
Okay, then.
Read which item? (? for menu, Esc to quit)
Okay, then.
Okay, then.
Read which item? (? for menu, Esc to quit)
Okay, then.
Casting: Searing Ray
Confirm with . or Enter, or press ? or * to list all spells.
Aiming: Searing Ray
Press: ? - help, Shift-Dir - straight line, f - orc priest
Aim: an orc priest, wielding an orcish dagger of venom You feel a surge of power!
The searing ray hits the orc priest.
The orc priest is heavily wounded.
* * * LOW MAGIC WARNING * * *
The orc priest invokes the aid of Beogh against you.
Pain shoots through your body!
You die...

#.# #.# ##.####
## ...o.#
..).########o.#
#z..o....o.#
####)####..#
#o###.....#
#..@#...###
###.#....
#.#..##. #.#...
.# #.##(# #
#.##.# #.# #.#
..#


You could see an orc priest.

Vanquished Creatures
  Joseph (D:7)
  The ghost of M4edhros the Poker, an experienced OpCK of Xom (D:6)
  A queen bee (D:9)
  2 hippogriffs (D:7)
  A manticore (D:8)
  A necrophage (D:8)
  2 orc warriors (D:8)
  A phantom (D:8)
  3 sky beasts
  3 ogres
  A big kobold (D:9)
  A centaur (D:5)
  Blork the orc (D:5)
  5 giant frogs
  5 jellies
  5 killer bees (D:9)
  A goliath beetle (D:6)
  6 crimson imps
  3 orc priests
  A centaur skeleton (D:7)
  A giant frog skeleton (D:4)
  4 gnoll shamans (D:5)
  6 worker ants
  3 hounds
  2 orc wizards
  A scorpion (D:4)
  An ogre skeleton (D:7)
  7 adders
  A giant mite (D:1)
  48 gnolls
  An inept feature mimic (D:5)
  An inept item mimic (D:6)
  2 worms
  6 giant geckos
  6 oozes
  26 orcs
  18 bats
  12 goblins
  20 hobgoblins
  17 kobolds
  5 quokkas
  4 ball pythons
  8 giant cockroaches
  6 giant newts
  A giant newt skeleton (D:4)
  A giant spore (D:7)
  18 jackals
  2 orc skeletons (D:5)
  An orc zombie (D:9)
  A quokka skeleton (D:5)
  13 rats
  A spectral orc (D:4)
  A ballistomycete (D:7)
290 creatures vanquished.

Notes
Turn   | Place    | Note
--------------------------------------------------------------
     0 | D:1      | PolkaDot, the Vampire Conjurer, began the quest for the Orb.
     0 | D:1      | Reached XP level 1. HP: 13/13 MP: 3/3
   269 | D:1      | Reached XP level 2. HP: 14/19 MP: 1/4
   357 | D:1      | Learned a level 2 spell: Searing Ray
  1107 | D:1      | Reached XP level 3. HP: 24/24 MP: 3/6
  1381 | D:1      | Reached skill level 4 in Conjurations
  2148 | D:2      | Reached XP level 4. HP: 23/30 MP: 0/7
  2822 | D:2      | Learned a level 4 spell: Iskenderun's Mystic Blast
  2900 | D:2      | Reached XP level 5. HP: 35/35 MP: 3/9
  3124 | D:3      | Found a sparkling altar of Nemelex Xobeh.
  3189 | D:3      | Reached skill level 5 in Conjurations
  3347 | D:3      | Found a snail-covered altar of Cheibriados.
  3924 | D:4      | Found a sparkling altar of Nemelex Xobeh.
  3988 | D:4      | Found a basalt altar of Yredelemnul.
  4083 | D:4      | Noticed an ogre
  4097 | D:4      | Killed an ogre
  4097 | D:4      | Reached XP level 6. HP: 14/41 MP: 1/10
  4701 | D:4      | Reached skill level 1 in Fighting
  4764 | D:4      | Reached skill level 6 in Conjurations
  5119 | D:5      | Entered Level 5 of the Dungeon
  5238 | D:5      | Reached XP level 7. HP: 31/49 MP: 3/12
  5549 | D:5      | Found a shattered altar of Ashenzari.
  5549 | D:5      | Found a bloodstained altar of Trog.
  5549 | D:5      | Noticed Sigmund
  5549 | D:5      | Noticed Menkaure
  5670 | D:6      | Noticed M4edhros' ghost (experienced OpCK)
  5734 | D:6      | Killed M4edhros' ghost
  5734 | D:6      | Reached skill level 7 in Conjurations
  5734 | D:6      | Reached XP level 8. HP: 50/58 MP: 8/13
  5811 | D:6      | Found an ancient bone altar of Kikubaaqudgha.
  6010 | D:6      | Found a staircase to the Ecumenical Temple.
  6021 | Temple   | Entered the Ecumenical Temple
  6154 | Temple   | Became a worshipper of Vehumet
  6852 | D:7      | Noticed Joseph
  7005 | D:5      | Noticed Blork the orc
  7014 | D:5      | Killed Blork the orc
  7149 | D:5      | Found a glowing golden altar of the Shining One.
  7272 | D:5      | Reached skill level 8 in Conjurations
  7385 | D:5      | Acquired Vehumet's first power
  7385 | D:5      | Offered knowledge of Shock by Vehumet.
  7527 | D:5      | Learned a level 1 spell: Shock
  7606 | D:5      | Reached skill level 1 in Air Magic
  8143 | D:5      | Reached XP level 9. HP: 45/65 MP: 11/18
  8143 | D:5      | Offered knowledge of Freeze by Vehumet.
  8153 | D:5      | Learned a level 1 spell: Freeze
  8615 | D:7      | Offered knowledge of Throw Frost by Vehumet.
  8642 | D:7      | Found Yddui's Book Emporium.
  8736 | D:7      | Killed Joseph
  8736 | D:7      | Reached skill level 5 in Air Magic
  8904 | D:7      | Acquired Vehumet's second power
  8904 | D:7      | Reached skill level 5 in Spellcasting
  9750 | D:8      | Reached XP level 10. HP: 67/71 MP: 4/23
  9929 | D:8      | Found a shattered altar of Ashenzari.
  9937 | D:8      | Saw a vision of the Shoals and the Snake Pit.
  9937 | D:8      | Noticed a black mamba
  9938 | D:8      | Noticed a sea snake
  9938 | D:8      | Noticed a black mamba
 10453 | D:8      | Offered knowledge of Airstrike by Vehumet.
 10476 | D:8      | Learned a level 4 spell: Airstrike
 10739 | D:9      | Acquired Vehumet's third power
 10771 | D:9      | Killed from afar by an orc priest

Action                   |  1- 3 |  4- 6 |  7- 9 | 10-12 || total
-------------------------+-------+-------+-------+-------++-------
Melee: Unarmed           |    33 |    30 |       |       ||    63
       Short sword       |       |    17 |       |       ||    17
       Long sword        |       |    28 |       |       ||    28
       Cutlass           |       |    12 |   233 |    64 ||   309
 Cast: Magic Dart        |    41 |    24 |     5 |       ||    70
       Searing Ray       |    14 |    39 |    74 |    18 ||   145
       Iskenderun's Myst |       |       |     7 |    10 ||    17
       Airstrike         |       |       |       |     3 ||     3
 Abil: Bottle Blood      |       |       |    13 |     4 ||    17
Evoke: Wand              |       |       |     1 |     3 ||     4
  Use: Potion            |     1 |       |    19 |    12 ||    32
       Scroll            |       |     9 |     8 |     6 ||    23
 Stab: Sleeping          |       |     2 |     1 |     3 ||     6
       Distracted        |       |       |     1 |       ||     1
